[Event "Titled Tuesday Blitz July 6 2021"]
[White "Omariev, Maksim"]
[Black "Reprintsev, Alexander"]
[WhiteFideId "4193423"]
[BlackFideId "14100541"]
[WhiteElo "2384"]
[BlackElo "2126"]
[Result "0-1"]
[Round "11"]
[TimeControl "180+1"]
[Date "2021.07.06"]
[WhiteClock "0:00:02"]
[BlackClock "0:00:18"]

1. g4 d5 2. Bg2 Bxg4 3. c4 dxc4 4. Bxb7 Nd7 5. Bxa8 Qxa8 6. f3 e5 7. Qa4 Be6 8. Na3 Nf6 9. Nxc4 Bc5 10. Nxe5 O-O 11. Nxd7 Bxd7 12. Qc4 Bd6 13. b3 Be6 14. Qc2 Be5 15. Bb2 Qd5 16. e4 Qd6 17. Ne2 c5 18. Rc1 Bxb2 19. Qxb2 Nh5 20. Qc3 Rc8 21. Qe3 h6 22. O-O a5 23. f4 Bg4 24. Ng3 a4 25. bxa4 c4 26. e5 Qa6 27. d3 c3 28. d4 c2 29. Nxh5 Bxh5 30. Rf2 Bd1 31. d5 Qxa4 32. d6 Qxa2 33. Qd2 Qa7 34. Kg2 Qb7+ 35. Kg3 Ra8 36. Qe3 Qd7 37. Rcxc2 Qg4# 0-1


[Site "https://www.chess.com"]

[Event "Titled Tuesday Blitz July 6 2021"]
[White "Perez Rodriguez, Luis Manuel"]
[Black "Leenhouts, Koen"]
[WhiteFideId "3503364"]
[BlackFideId "1008439"]
[WhiteElo "2429"]
[BlackElo "2409"]
[Result "1-0"]
[Round "11"]
[TimeControl "180+1"]
[Date "2021.07.06"]
[WhiteClock "0:00:10"]
[BlackClock "0:00:02"]

1. e3 d5 2. d4 Nf6 3. c4 e6 4. Nf3 Be7 5. b3 O-O 6. Bb2 b6 7. Nbd2 Bb7 8. Bd3 c5 9. O-O Nc6 10. cxd5 Nb4 11. Bb1 Nbxd5 12. e4 Nf4 13. Re1 cxd4 14. Nxd4 Bc5 15. Nc4 Qe7 16. Qf3 Ng6 17. Bc2 Rad8 18. Rad1 Nd7 19. Qg3 Qh4 20. Nb5 Qxg3 21. hxg3 a6 22. Nbd6 Bc6 23. a4 f6 24. Re2 Nde5 25. Nxe5 Nxe5 26. Nc4 Rxd1+ 27. Bxd1 Nxc4 28. bxc4 Rd8 29. Bb3 e5 30. Kf1 Kf7 31. f4 Rd3 32. Bc2 Rxg3 33. fxe5 fxe5 34. Bxe5 Ra3 35. Bb2 Re3 36. Rxe3 Bxe3 37. Ke2 Bc5 38. Kf3 g6 39. Kf4 Ke6 40. e5 Bxg2 41. Bd1 h5 42. Bc2 Kf7 43. e6+ Kxe6 44. Bxg6 h4 45. Bf5+ Kd6 46. Bf6 h3 47. Kg3 1-0


[Site "https://www.chess.com"]

[Event "Titled Tuesday Blitz July 6 2021"]
[White "Piesik, Piotr"]
[Black "Rodchenkov, Vitaly"]
[WhiteFideId "1136194"]
[BlackFideId "4152964"]
[WhiteElo "2354"]
[BlackElo "2337"]
[Result "1-0"]
[Round "11"]
[TimeControl "180+1"]
[Date "2021.07.06"]
[WhiteClock "0:00:14"]
[BlackClock "0:00:15"]

1. Nf3 Nf6 2. g3 b5 3. Bg2 Bb7 4. O-O e6 5. d3 d5 6. Nbd2 Be7 7. e4 O-O 8. Qe2 c5 9. e5 Nfd7 10. c3 Nc6 11. h4 a5 12. Re1 a4 13. h5 b4 14. c4 Re8 15. h6 g6 16. cxd5 exd5 17. e6 Nf8 18. exf7+ Kxf7 19. Nf1 Bf6 20. Qxe8+ Qxe8 21. Rxe8 Rxe8 22. Ng5+ Bxg5 23. Bxd5+ Kf6 24. f4 Bxh6 25. Ne3 Ke7 26. Nc4 Kd7 27. Be3 Rxe3 28. Nxe3 Bg7 29. Nc4 Kc7 30. Re1 Nd7 31. Kg2 Ba6 32. Re6 Bb5 33. Nd6 Nd4 34. Ne8+ Kd8 35. Nxg7 Nxe6 36. Nxe6+ Ke7 37. Ng5 h6 38. Nf3 Bxd3 39. a3 Kd6 40. Bf7 Be4 41. Kf2 Nf6 42. Ne5 g5 43. Ke3 Bd5 44. Bg6 b3 45. Bf5 Nh5 46. Ng4 Nxg3 47. Bg6 h5 48. Nf6 gxf4+ 49. Kxf4 Ne2+ 50. Ke3 Nd4 51. Bxh5 Bc6 52. Kd2 Ke5 53. Ng4+ Kf4 54. Nf2 Bb5 55. Bf7 Kf3 56. Nd3 c4 57. Ne5+ Ke4 58. Nxc4 Nf3+ 59. Kc3 Ne1 60. Nd6+ Ke5 61. Nxb5 Kf6 62. Bc4 1-0


[Site "https://www.chess.com"]

[Event "Titled Tuesday Blitz July 6 2021"]
[White "Potapova, Margarita"]
[Black "Terletsky, Oleg"]
[WhiteFideId "14126869"]
[BlackFideId "14116774"]
[WhiteElo "2229"]
[BlackElo "2094"]
[Result "1-0"]
[Round "11"]
[TimeControl "180+1"]
[Date "2021.07.06"]
[WhiteClock "0:01:31"]
[BlackClock "0:00:07"]

1. Nf3 Nf6 2. b3 g6 3. Bb2 Bg7 4. g3 O-O 5. Bg2 d5 6. c4 dxc4 7. bxc4 c5 8. O-O Nc6 9. d3 Qc7 10. Nc3 a6 11. Rb1 e6 12. Na4 Nd7 13. Bxg7 Kxg7 14. Qb3 Rb8 15. Qa3 b6 16. h4 h6 17. Rb2 Nb4 18. Qc3+ Kh7 19. a3 Nc6 20. Rfb1 e5 21. Qe1 Nd4 22. Nc3 Nf6 23. Nd2 Bg4 24. e3 Nc6 25. Nd5 Nxd5 26. cxd5 Na5 27. Ne4 Bd7 28. h5 g5 29. d6 Qa7 30. Nf6+ Kg7 31. Nd5 b5 32. Qxa5 Be6 33. Nc7 1-0


[Site "https://www.chess.com"]

[Event "Titled Tuesday Blitz July 6 2021"]
[White "Priasmoro, Novendra"]
[Black "Grischuk, Alexander"]
[WhiteFideId "7105029"]
[BlackFideId "4126025"]
[WhiteElo "2309"]
[BlackElo "2765"]
[Result "1/2-1/2"]
[Round "11"]
[TimeControl "180+1"]
[Date "2021.07.06"]
[WhiteClock "0:00:16"]
[BlackClock "0:00:02"]

1. e4 e5 2. Nf3 Nc6 3. Bb5 Nf6 4. O-O Nxe4 5. Re1 Nd6 6. Nxe5 Be7 7. Bf1 Nf5 8. c3 O-O 9. d4 Nxe5 10. Rxe5 d6 11. Re1 d5 12. Bf4 Bd6 13. Bxd6 Nxd6 14. Nd2 Bf5 15. Qf3 c6 16. Bd3 Qg5 17. Bxf5 Qxf5 18. Qxf5 Nxf5 19. Re2 Rfe8 20. Rae1 Rxe2 21. Rxe2 h5 22. g3 f6 23. h3 Kf7 24. Kg2 g5 25. g4 Nh4+ 26. Kg3 Ng6 27. Re1 h4+ 28. Kh2 Nf4 29. Re3 a5 30. Nb3 b6 31. Nc1 Re8 32. Kg1 a4 33. Kf1 c5 34. Rxe8 Kxe8 35. Ne2 Nd3 36. b3 a3 37. Kg2 Ne1+ 38. Kf1 Nf3 39. Kg2 Nd2 40. Nc1 Kd7 41. f3 Nb1 42. Ne2 Nd2 43. Nc1 Nb1 44. Ne2 Kc6 45. Kf2 Nd2 46. Nc1 c4 47. b4 Nb1 48. Ne2 Nd2 49. Nc1 Nb1 50. Ne2 Nd2 51. Nc1 1/2-1/2


[Site "https://www.chess.com"]

[Event "Titled Tuesday Blitz July 6 2021"]
[White "Pruijssers, Roeland"]
[Black "Janaszak, Dawid"]
[WhiteFideId "1013068"]
[BlackFideId "1119206"]
[WhiteElo "2545"]
[BlackElo "2332"]
[Result "1-0"]
[Round "11"]
[TimeControl "180+1"]
[Date "2021.07.06"]
[WhiteClock "0:00:10"]
[BlackClock "0:00:01"]

1. e4 c5 2. Nf3 Nc6 3. Bb5 g6 4. Bxc6 dxc6 5. O-O Bg7 6. d3 e5 7. Be3 Qe7 8. a4 Nf6 9. h3 Nd7 10. a5 Nf8 11. Nbd2 Ne6 12. c3 f5 13. exf5 gxf5 14. Nc4 f4 15. Bd2 Ng5 16. Nfxe5 O-O 17. Re1 Qf6 18. Qh5 Bf5 19. Bxf4 Ne6 20. Bg3 Kh8 21. Nd7 Qf7 22. Qxf7 Rxf7 23. Nd6 Rxd7 24. Nxf5 Ng5 25. Bd6 Bf8 26. Be5+ Kg8 27. Re3 Kf7 28. Rae1 Re8 29. Bf4 Rxe3 30. Rxe3 Ne6 31. Be5 b5 32. g4 Ng5 33. Kg2 Ne6 34. f4 c4 35. d4 c5 36. Re4 cxd4 37. Nxd4 Nc5 38. Re2 Nd3 39. Nxb5 Bc5 40. Kf3 Rb7 41. Nd6+ Bxd6 42. Bxd6 Nxb2 43. f5 1-0


[Site "https://www.chess.com"]

[Event "Titled Tuesday Blitz July 6 2021"]
[White "Prydun, Andriy"]
[Black "Baradaran, Arman"]
[WhiteFideId "14145898"]
[BlackFideId "880515"]
[WhiteElo "2024"]
[BlackElo "2132"]
[Result "1-0"]
[Round "11"]
[TimeControl "180+1"]
[Date "2021.07.06"]
[WhiteClock "0:01:51"]
[BlackClock "0:00:01"]

1. d4 d5 2. Nc3 Nf6 3. Bf4 Bf5 4. f3 e6 5. g4 Bg6 6. h4 h5 7. g5 Ng8 8. e3 Bd6 9. Nh3 Ne7 10. Bd3 a6 11. Qd2 Nbc6 12. O-O-O Nb4 13. Bxg6 Nxg6 14. Bxd6 cxd6 15. e4 Nxh4 16. exd5 Qa5 17. Nf4 Nxa2+ 18. Nxa2 Qxa2 19. Qd3 Qa1+ 20. Kd2 Qa5+ 21. c3 Nf5 22. g6 fxg6 23. Nxg6 Rh6 24. Nf4 Ng3 25. Rhe1 e5 26. dxe5 Qb6 27. exd6+ Kf8 28. Ne6+ Kg8 29. d7 Qxb2+ 30. Ke3 Qa3 31. Qd4 1-0


[Site "https://www.chess.com"]

[Event "Titled Tuesday Blitz July 6 2021"]
[White "Przybylski, Wojciech"]
[Black "Leiva, Gianmarco"]
[WhiteFideId "1117599"]
[BlackFideId "3804399"]
[WhiteElo "2317"]
[BlackElo "2365"]
[Result "1-0"]
[Round "11"]
[TimeControl "180+1"]
[Date "2021.07.06"]
[WhiteClock "0:00:53"]
[BlackClock "0:00:01"]

1. d4 Nf6 2. c4 e6 3. Nc3 Bb4 4. Qc2 d5 5. cxd5 Qxd5 6. Nf3 Qf5 7. Qxf5 exf5 8. a3 Be7 9. Bf4 c6 10. e3 Nbd7 11. Bc4 Nb6 12. Ba2 h6 13. h3 Nbd5 14. Nxd5 Nxd5 15. Be5 f6 16. Bh2 Be6 17. Ke2 Kd7 18. Ne1 Rhe8 19. Nd3 g5 20. Rhc1 b6 21. Rc2 Rac8 22. Kd2 Bd6 23. Bxd6 Kxd6 24. Rac1 Rc7 25. b4 Rec8 26. Bc4 Ne7 27. Nb2 Bd5 28. Ba6 Rb8 29. Bf1 Ng6 30. g3 h5 31. Nc4+ Kd7 32. Be2 Rh8 33. Bd3 Ke6 34. g4 hxg4 35. hxg4 Be4 36. gxf5+ Bxf5 37. e4 Bh3 38. Ne3 Nf4 39. Rxc6+ Rxc6 40. Rxc6+ Kf7 41. Bc4+ Kg6 42. e5 Rf8 43. e6 Re8 44. d5 g4 45. Rc7 1-0


[Site "https://www.chess.com"]

[Event "Titled Tuesday Blitz July 6 2021"]
[White "Quintiliano Pinto, Renato R."]
[Black "Sawlin, Leonid"]
[WhiteFideId "2117568"]
[BlackFideId "4689542"]
[WhiteElo "2439"]
[BlackElo "2412"]
[Result "1-0"]
[Round "11"]
[TimeControl "180+1"]
[Date "2021.07.06"]
[WhiteClock "0:01:11"]
[BlackClock "0:02:15"]

1. d4 e6 2. c4 d5 3. Nc3 Nf6 4. Nf3 Be7 5. Bg5 O-O 6. e3 h6 7. Bh4 Ne4 8. Bxe7 Qxe7 9. Rc1 Nxc3 10. Rxc3 dxc4 11. Bxc4 Nd7 12. O-O c5 13. Qc2 b6 14. dxc5 Nxc5 15. b4 Nd7 16. a3 Bb7 17. Be2 Rac8 18. Rd1 Nf6 19. Nd4 Nd5 20. Rxc8 Rxc8 21. Qb2 Nc3 22. Re1 Nxe2+ 23. Qxe2 Qg5 24. f3 Rc3 25. a4 Qd5 26. Nb5 Ra3 27. Nxa3 1-0


[Site "https://www.chess.com"]

[Event "Titled Tuesday Blitz July 6 2021"]
[White "Quparadze, Giga"]
[Black "Timmermans, Mark"]
[WhiteFideId "13602250"]
[BlackFideId "1026399"]
[WhiteElo "2658"]
[BlackElo "2460"]
[Result "1/2-1/2"]
[Round "11"]
[TimeControl "180+1"]
[Date "2021.07.06"]
[WhiteClock "0:00:50"]
[BlackClock "0:01:14"]

1. e4 e5 2. Nf3 Nc6 3. Bb5 f5 4. d3 fxe4 5. dxe4 Nf6 6. Bxc6 bxc6 7. O-O d6 8. Qd3 Be7 9. Nbd2 O-O 10. Qc4+ Kh8 11. Qxc6 Rb8 12. b3 Rb4 13. Qc3 c5 14. Re1 Bb7 15. Ng5 Nd5 16. exd5 Bxg5 17. Nc4 Bxc1 18. Raxc1 Bxd5 19. Rcd1 Bxc4 20. bxc4 Qf6 21. f4 exf4 22. Qxf6 gxf6 23. Rxd6 Rxc4 24. Rd7 Rxc2 25. Ree7 Rb8 26. Rxh7+ Kg8 27. Rdg7+ Kf8 28. h4 f3 29. Kh2 f2 30. Rf7+ Kg8 31. Rfg7+ Kf8 32. Rxa7 Kg8 33. Rhg7+ Kh8 34. Rh7+ Kg8 35. Rag7+ Kf8 36. Rd7 Kg8 37. Rdg7+ Kf8 38. Rf7+ Kg8 39. Rfg7+ 1/2-1/2


[Site "https://www.chess.com"]

[Event "Titled Tuesday Blitz July 6 2021"]
[White "Roman, Rodrigo"]
[Black "Lodici, Lorenzo"]
[WhiteFideId "3701220"]
[BlackFideId "884189"]
[WhiteElo "2043"]
[BlackElo "2265"]
[Result "0-1"]
[Round "11"]
[TimeControl "180+1"]
[Date "2021.07.06"]
[WhiteClock "0:00:09"]
[BlackClock "0:01:11"]

1. Nf3 e6 2. g3 d6 3. Bg2 Nc6 4. O-O e5 5. e4 Bg4 6. c3 Qd7 7. Re1 Nf6 8. d4 Be7 9. Bg5 h6 10. Bxf6 Bxf6 11. dxe5 Nxe5 12. Nxe5 Bxe5 13. f3 Bh3 14. Nd2 h5 15. Nc4 h4 16. Nxe5 dxe5 17. Qxd7+ Bxd7 18. Rad1 Be6 19. b3 a5 20. f4 f6 21. Bf1 a4 22. c4 axb3 23. axb3 Ke7 24. f5 Bf7 25. Ra1 hxg3 26. hxg3 Rhd8 27. Kf2 Rxa1 28. Rxa1 Rd2+ 29. Ke3 Rb2 30. Ra3 Bh5 31. c5 Bf7 32. Bc4 Bxc4 33. bxc4 Rc2 34. Kd3 Rg2 35. Ra7 Rxg3+ 36. Kd2 Kd7 37. Rxb7 Kc6 38. Rb8 Kxc5 39. Rc8 Kxc4 40. Rxc7+ Kd4 41. Ra7 Kxe4 42. Ra4+ Kxf5 43. Ke2 e4 44. Kf2 Kf4 45. Rxe4+ Kxe4 46. Kxg3 Ke3 47. Kg4 g6 48. Kg3 f5 49. Kg2 Ke2 50. Kg3 g5 51. Kg2 f4 52. Kg1 f3 53. Kh2 f2 54. Kg3 f1=Q 55. Kg4 Qf4+ 56. Kh3 g4+ 57. Kh4 g3+ 58. Kh3 Qf2 0-1


[Site "https://www.chess.com"]

[Event "Titled Tuesday Blitz July 6 2021"]
[White "Rustemov, Alexander"]
[Black "Arutinian, David"]
[WhiteFideId "4119002"]
[BlackFideId "13601741"]
[WhiteElo "2836"]
[BlackElo "2525"]
[Result "1-0"]
[Round "11"]
[TimeControl "180+1"]
[Date "2021.07.06"]
[WhiteClock "0:00:14"]
[BlackClock "0:00:22"]

1. d4 Nf6 2. c4 e6 3. Nf3 d5 4. Nc3 a6 5. cxd5 exd5 6. Bg5 Be6 7. e3 Nbd7 8. Bd3 Be7 9. Qc2 O-O 10. O-O c6 11. h3 Re8 12. Rab1 Nf8 13. Bf4 Bd6 14. Bxd6 Qxd6 15. b4 N6d7 16. Na4 b6 17. Rfc1 Rec8 18. a3 a5 19. bxa5 Rxa5 20. Nxb6 Nxb6 21. Rxb6 Qxa3 22. Rb3 Qa4 23. Rc3 Qxc2 24. R1xc2 Bd7 25. Ne5 Be8 26. Nxc6 Rxc6 27. Rxc6 Bxc6 28. Rxc6 g6 29. Rb6 Kg7 30. Rb5 Rxb5 31. Bxb5 Kf6 32. Kf1 h5 33. h4 Ke6 34. Ke2 Nh7 35. Kf3 Nf6 36. Bd3 Ng4 37. Kg3 Ke7 38. Be2 Nh6 39. Kf4 Kf6 40. Bf3 Nf5 41. Bxd5 Nxh4 42. Be4 g5+ 43. Kg3 Ke7 44. Kh3 f5 45. g3 Ng6 46. Bxf5 Nh8 47. e4 Kf6 48. f4 Nf7 49. Bd7 gxf4 50. gxf4 Ke7 51. Bf5 Nd6 52. Kh4 Nb5 53. d5 Kf6 54. Kxh5 Nd4 55. Kg4 Ne2 56. Kf3 Nd4+ 57. Ke3 Nc2+ 58. Kd3 Ne1+ 59. Ke2 Ng2 60. Kf3 Ne1+ 61. Kg4 Nd3 62. e5+ Nxe5+ 63. fxe5+ 1-0


[Site "https://www.chess.com"]

[Event "Titled Tuesday Blitz July 6 2021"]
[White "Salem, A.R. Saleh"]
[Black "Kamsky, Gata"]
[WhiteFideId "9301348"]
[BlackFideId "2000024"]
[WhiteElo "2642"]
[BlackElo "2644"]
[Result "0-1"]
[Round "11"]
[TimeControl "180+1"]
[Date "2021.07.06"]
[WhiteClock "0:00:02"]
[BlackClock "0:00:04"]

1. d4 Nf6 2. c4 e6 3. Nc3 Bb4 4. e3 O-O 5. Bd3 d5 6. Nf3 c5 7. O-O dxc4 8. Bxc4 Nbd7 9. Bd3 cxd4 10. exd4 b6 11. a3 Be7 12. Re1 Bb7 13. Bf4 a6 14. Qe2 b5 15. Rad1 Nd5 16. Nxd5 Bxd5 17. Ne5 Rc8 18. Qh5 f5 19. Re3 Nxe5 20. dxe5 g6 21. Rg3 Rf7 22. Qe2 Qc7 23. Qe3 Bc5 24. Qe1 Be7 25. Qe3 Qc5 26. Qe2 Qd4 27. Bd2 Qxb2 28. h4 Bxh4 29. Rh3 Be7 30. a4 bxa4 31. Rb1 Qa2 32. Qe1 a3 33. Bxa6 Ra8 34. Bf1 Qc2 35. Rc3 Qe4 36. Re3 Qg4 37. Ra1 a2 38. Rg3 Qd4 39. Rd3 Qb6 40. Be3 Bc5 41. Bh6 Rb7 42. Rxd5 exd5 43. Qd2 Qb2 44. Qxd5+ Kh8 45. Rd1 Bf8 46. Bxf8 Rxf8 47. Qd6 Rbb8 48. Qa6 a1=Q 0-1


[Site "https://www.chess.com"]

[Event "Titled Tuesday Blitz July 6 2021"]
[White "Samunenkov, Ihor"]
[Black "Pridorozhni, Aleksei"]
[WhiteFideId "14187086"]
[BlackFideId "4127870"]
[WhiteElo "2281"]
[BlackElo "2565"]
[Result "0-1"]
[Round "11"]
[TimeControl "180+1"]
[Date "2021.07.06"]
[WhiteClock "0:00:01"]
[BlackClock "0:01:18"]

1. d4 d5 2. Nf3 c6 3. g3 Bg4 4. Bg2 Nd7 5. c4 e6 6. h3 Bh5 7. O-O Ngf6 8. cxd5 exd5 9. Qb3 Qb6 10. Qe3+ Be7 11. Nh4 Kf8 12. g4 Bg6 13. Nxg6+ hxg6 14. Nc3 Re8 15. Qd3 Bd6 16. g5 Nh5 17. e3 Qd8 18. e4 dxe4 19. Nxe4 Bf4 20. Qf3 Bxc1 21. Raxc1 Nb6 22. Rfe1 Nd5 23. Nc5 Rxe1+ 24. Rxe1 Nhf4 25. Nxb7 Qxg5 26. Nd6 Ne7 27. Qg4 Qxg4 28. hxg4 Ne6 29. Re4 g5 30. Bf1 g6 31. Bc4 Nd5 32. Bxd5 cxd5 33. Re5 Rh4 34. f3 Rh3 35. Kf2 Nxd4 36. Rxd5 Rxf3+ 37. Kg2 Rf4 38. Nc8 Rxg4+ 39. Kh3 Rh4+ 40. Kg3 Nf5+ 41. Kf3 g4+ 42. Kf2 Rh2+ 43. Kg1 Rxb2 44. a4 Rb1+ 45. Kf2 g3+ 46. Kf3 Kg7 47. Rd2 Ra1 48. Nxa7 Ra3+ 49. Kg2 Rxa4 50. Nc6 Ra3 51. Nd8 Ne3+ 52. Kg1 Ra1+ 0-1


[Site "https://www.chess.com"]

[Event "Titled Tuesday Blitz July 6 2021"]
[White "Sanchez Alvares, Kelvin Antonio"]
[Black "davigator"]
[WhiteFideId "3906680"]
[WhiteElo "2247"]
[BlackElo "2396"]
[Result "1-0"]
[Round "11"]
[TimeControl "180+1"]
[Date "2021.07.06"]
[WhiteClock "0:00:17"]
[BlackClock "0:00:33"]

1. d4 Nf6 2. c4 e6 3. Nf3 Bb4+ 4. Nbd2 b6 5. g3 Bb7 6. Bg2 O-O 7. O-O d5 8. Ne5 Nbd7 9. Ndf3 Bd6 10. b3 Rc8 11. Bb2 c5 12. dxc5 Nxc5 13. Rc1 Qe7 14. Qc2 Nce4 15. Qb1 h6 16. Rfd1 Rfd8 17. e3 Bb4 18. cxd5 Bxd5 19. Rxc8 Rxc8 20. Nd4 Bd6 21. Nc4 Bb4 22. a3 Bc5 23. Rc1 Rd8 24. b4 Bd6 25. Nxd6 Qxd6 26. Nb5 Qb8 27. Nc7 Bb7 28. Nb5 Nd2 29. Qc2 Bxg2 30. Kxg2 Qb7+ 31. Qc6 Qxc6+ 32. Rxc6 Rd7 33. Bxf6 gxf6 34. Rc8+ Kg7 35. Ra8 Nc4 36. a4 Nb2 37. a5 bxa5 38. bxa5 Nc4 39. a6 Rd2 40. Rxa7 Nxe3+ 41. Kf3 Nd5 42. Rb7 Ra2 43. a7 Nb4 44. Rb8 Nd3 45. a8=Q Rxa8 46. Rxa8 f5 47. Ra7 Kf6 48. Nd6 Ne5+ 49. Kg2 h5 50. f4 Ng4 51. Rxf7+ Kg6 52. Ra7 h4 53. Ra6 hxg3 54. hxg3 Kf6 55. Nc4 Ke7 56. Ne5 Nf6 57. Ra7+ Kd6 58. Nf3 Ng4 59. Ra6+ Kd5 60. Ng5 e5 61. Ra5+ Kd4 62. Nf3+ Ke3 63. Nxe5 Nf6 64. Nc4+ Ke4 65. Re5+ Kd4 66. Rxf5 Ng4 67. Rg5 Nf6 68. Nd6 Ke3 69. Re5+ Kd4 70. Kf3 Nd7 71. Rb5 Nf6 72. g4 Nd7 73. g5 Nf8 74. f5 1-0


[Site "https://www.chess.com"]

[Event "Titled Tuesday Blitz July 6 2021"]
[White "Seletsky, Grigory"]
[Black "Deviprasath, Sharvesh"]
[WhiteFideId "14112191"]
[BlackFideId "30938228"]
[WhiteElo "2492"]
[BlackElo "2102"]
[Result "1-0"]
[Round "11"]
[TimeControl "180+1"]
[Date "2021.07.06"]
[WhiteClock "0:01:02"]
[BlackClock "0:00:01"]

1. e4 e5 2. Nf3 Nc6 3. Bb5 a6 4. Ba4 d6 5. a3 f5 6. d3 Nf6 7. Nc3 Be7 8. Bb3 fxe4 9. dxe4 Bg4 10. Be3 Qd7 11. h3 Be6 12. Bxe6 Qxe6 13. Ng5 Qd7 14. Qd3 h6 15. Nf3 O-O-O 16. O-O-O Kb8 17. Kb1 g5 18. Nd5 Nxd5 19. exd5 Na7 20. Nd2 Nc8 21. Ne4 Rhf8 22. f3 Rf7 23. c4 Rdf8 24. Rd2 Rg8 25. Rc1 h5 26. b4 Qa4 27. Rb2 g4 28. fxg4 hxg4 29. hxg4 Rxg4 30. g3 Rf3 31. Qe2 Rfxg3 32. Nxg3 Rxg3 33. Rc3 Bg5 34. Qd2 Bxe3 35. Rxe3 Rg1+ 36. Ka2 Ne7 37. Qf2 Rg8 38. Qf7 Re8 39. Qe6 Nc8 40. Qf7 Nb6 41. Rc3 Ka7 42. c5 Qd7 43. Qxd7 Nxd7 44. cxd6 cxd6 45. Rc7 Nb6 46. Rd2 e4 47. Kb3 1-0


[Site "https://www.chess.com"]

[Event "Titled Tuesday Blitz July 6 2021"]
[White "Shevelev, Dmitry"]
[Black "Morris-Suzuki, Sophie"]
[WhiteFideId "24233463"]
[BlackFideId "30922615"]
[WhiteElo "2477"]
[BlackElo "2366"]
[Result "1/2-1/2"]
[Round "11"]
[TimeControl "180+1"]
[Date "2021.07.06"]
[WhiteClock "0:00:11"]
[BlackClock "0:00:09"]

1. d4 Nf6 2. Nf3 e6 3. Nc3 Bb4 4. Bg5 d5 5. Qd2 c5 6. a3 Bxc3 7. Qxc3 cxd4 8. Nxd4 O-O 9. h4 h6 10. O-O-O e5 11. Bxf6 Qxf6 12. Nf3 d4 13. Qc5 Nc6 14. e3 b6 15. Qb5 Bg4 16. Be2 a6 17. Qd3 Bf5 18. e4 Bh7 19. g4 Qf4+ 20. Kb1 Bxe4 21. Qd2 Qxd2 22. Rxd2 f5 23. g5 Bxf3 24. Bxf3 e4 25. Be2 f4 26. Bc4+ Kh8 27. Bd5 e3 28. Bxc6 exd2 29. Bxa8 Rxa8 30. Rd1 Re8 31. Rxd2 Re1+ 32. Ka2 Rh1 33. gxh6 gxh6 34. Rxd4 Rxh4 35. Rd6 Rh2 36. Rxb6 Rxf2 37. Rxh6+ Kg7 38. Rh3 Rxc2 39. Kb3 Rf2 40. Rd3 f3 41. Kc3 Rf1 42. Kd4 f2 43. Ke3 Rb1 44. Kxf2 Rxb2+ 45. Ke3 Ra2 46. Kd4 Rb2 47. Kc4 Rb6 48. Rb3 Rxb3 49. Kxb3 Kf7 50. Kb4 Ke7 51. Ka5 Kd7 52. Kxa6 Kc8 53. Ka7 Kc7 54. a4 Kc8 55. a5 Kc7 56. a6 Kc8 57. Ka8 Kc7 58. Ka7 Kc8 59. Kb6 Kb8 60. a7+ Ka8 61. Ka6 1/2-1/2


[Site "https://www.chess.com"]

[Event "Titled Tuesday Blitz July 6 2021"]
[White "Shuvalov, Evgenij"]
[Black "Karavaeva, Olga"]
[WhiteFideId "4187237"]
[BlackFideId "4124111"]
[WhiteElo "2163"]
[BlackElo "2105"]
[Result "1/2-1/2"]
[Round "11"]
[TimeControl "180+1"]
[Date "2021.07.06"]
[WhiteClock "0:00:10"]
[BlackClock "0:00:09"]

1. b4 e6 2. Bb2 Nf6 3. a3 d5 4. e3 a5 5. b5 a4 6. c4 c6 7. Nf3 cxb5 8. cxd5 Nxd5 9. Bxb5+ Bd7 10. Be2 Bd6 11. Bxg7 Rg8 12. Be5 Bxe5 13. Nxe5 Rxg2 14. Bf3 Rg7 15. Nc3 Nc6 16. Nxd7 Qxd7 17. Nxd5 exd5 18. d4 Na5 19. Rc1 Nb3 20. Rc3 Ra6 21. Ke2 Rc6 22. Qc2 Qe6 23. Kf1 Rg6 24. Rxc6 bxc6 25. Qc3 Rf6 26. Ke2 Qf5 27. Rg1 Qxf3+ 28. Kd3 Qxf2 29. Rg8+ Kd7 30. Qb4 Qf1+ 31. Kc3 Qe1+ 32. Kd3 Qxb4 33. axb4 Rf2 34. Ra8 Ra2 35. h4 h5 36. Kc3 Nc1 37. b5 Nd3 38. b6 Rb2 39. Ra7+ Ke6 40. Rxa4 Rxb6 41. Kxd3 Rb3+ 42. Ke2 Kf5 43. Kf3 Rb1 44. Ra7 f6 45. Re7 Rh1 46. Kg3 Rg1+ 47. Kf3 Rf1+ 48. Kg3 Re1 49. Kf3 Rc1 50. Rc7 Ke6 51. Rh7 Rc3 52. Rxh5 c5 53. dxc5 Rxc5 54. Kf4 Rc4+ 55. Kf3 Rc3 56. Kf4 Rc4+ 57. Kf3 Rc3 58. Rh8 d4 59. Re8+ Kf7 60. Re4 dxe3 61. Rxe3 Rxe3+ 62. Kxe3 Kg6 63. Kf4 Kh5 64. Kf5 Kxh4 65. Kxf6 1/2-1/2


[Site "https://www.chess.com"]

[Event "Titled Tuesday Blitz July 6 2021"]
[White "Solon, Nathan"]
[Black "Golubev, Mikhail"]
[WhiteFideId "2017229"]
[BlackFideId "14100983"]
[WhiteElo "2635"]
[BlackElo "2374"]
[Result "1-0"]
[Round "11"]
[TimeControl "180+1"]
[Date "2021.07.06"]
[WhiteClock "0:00:16"]
[BlackClock "0:00:03"]

1. d4 d6 2. Nf3 Nf6 3. c4 g6 4. g3 Bg7 5. Bg2 O-O 6. O-O Nbd7 7. Nc3 e5 8. e4 Re8 9. h3 b6 10. Re1 exd4 11. Nxd4 Bb7 12. Rb1 Nc5 13. f3 a5 14. Be3 Nfd7 15. b3 Ne5 16. Bf1 f5 17. Nd5 fxe4 18. f4 Ned3 19. Re2 c6 20. Nc3 d5 21. cxd5 cxd5 22. Rg2 Rc8 23. Ncb5 Ba6 24. g4 Bxb5 25. Nxb5 d4 26. Bc1 Qd7 27. a4 Nb4 28. Bc4+ Kh8 29. f5 gxf5 30. gxf5 Bf6 31. Qh5 d3 32. Bg5 Qd4+ 33. Kh1 Qd8 34. Rbg1 e3 35. Qf7 Rf8 36. Bxf6+ Qxf6 37. Qxf6+ 1-0


[Site "https://www.chess.com"]

[Event "Titled Tuesday Blitz July 6 2021"]
[White "Stojanovski, Sandi"]
[Black "Gracia Alvarez, Gerardo Antonio"]
[WhiteFideId "1403249"]
[BlackFideId "5109124"]
[WhiteElo "2360"]
[BlackElo "2148"]
[Result "0-1"]
[Round "11"]
[TimeControl "180+1"]
[Date "2021.07.06"]
[WhiteClock "0:00:02"]
[BlackClock "0:00:05"]

1. c4 c5 2. Nf3 g6 3. Nc3 Nc6 4. e3 Nf6 5. d4 cxd4 6. exd4 d5 7. cxd5 Nxd5 8. Bc4 Nxc3 9. Qb3 Nd5 10. Bxd5 e6 11. Bxc6+ bxc6 12. O-O Qd5 13. Qa4 f6 14. Be3 Kf7 15. Rac1 Bd7 16. Qa6 Be7 17. b3 Rhb8 18. Qd3 c5 19. Qe2 Bb5 20. Rc4 cxd4 21. Nxd4 Bxc4 22. bxc4 Qd7 23. Qg4 Rd8 24. h4 e5 25. Qxd7 Rxd7 26. Nb3 a5 27. Rc1 a4 28. Nd2 Bc5 29. Bh6 Bb4 30. Ne4 a3 31. Be3 Rc8 32. c5 Ke6 33. g4 f5 34. Ng5+ Kf6 35. gxf5 gxf5 36. Rc4 Bxc5 37. Rxc5 Rxc5 38. Bxc5 Rd1+ 39. Kg2 Rd3 40. Nxh7+ Kf7 41. Ng5+ Kg6 42. Nf3 Rd5 43. Bxa3 e4 44. Ng5 Ra5 45. Be7 Rxa2 46. Kg3 Rb2 47. Nh3 Rb3+ 48. Kg2 Kh5 49. Nf4+ Kg4 50. Bg5 Rf3 51. Nh3 Rxh3 52. Be3 Rxh4 53. Bd4 f4 54. Bc5 f3+ 55. Kg1 Rh5 56. Be3 Rb5 57. Kh2 Rb1 58. Bd4 Rd1 59. Be3 Re1 60. Bd4 Re2 61. Bc5 Kf5 62. Kg3 Rc2 63. Bd4 Ke6 64. Kf4 Kd5 65. Be3 Rc4 66. Bd2 Rc8 67. Be3 Rf8+ 68. Kg4 Kc4 69. Bb6 Kd3 70. Be3 Rg8+ 71. Kf4 Rf8+ 72. Kg4 Rb8 73. Kf4 Rb2 74. Bc5 Re2 75. Bb6 Kd2 76. Bc5 Ke1 77. Kg3 Kf1 78. Bb6 Rc2 0-1


[Site "https://www.chess.com"]

[Event "Titled Tuesday Blitz July 6 2021"]
[White "Sychev, Klementy"]
[Black "Makhnev, Denis"]
[WhiteFideId "4114060"]
[BlackFideId "13707647"]
[WhiteElo "2615"]
[BlackElo "2537"]
[Result "1/2-1/2"]
[Round "11"]
[TimeControl "180+1"]
[Date "2021.07.06"]
[WhiteClock "0:00:12"]
[BlackClock "0:00:19"]

1. e4 c6 2. d4 d5 3. exd5 cxd5 4. c4 Nf6 5. Nc3 Nc6 6. Bg5 e6 7. Nf3 Be7 8. Bd3 Nb4 9. Be2 dxc4 10. Bxc4 O-O 11. O-O Bd7 12. Ne5 Rc8 13. a3 Nbd5 14. Nxd5 Nxd5 15. Bxd5 exd5 16. Bxe7 Qxe7 17. Qb3 Be6 18. Rfe1 Rc7 19. Nd3 Qf6 20. Ne5 Rfc8 21. g3 h5 22. Re2 Qf5 23. Rae1 b6 24. Qe3 Rc2 25. f3 Rxe2 26. Rxe2 Qb1+ 27. Kg2 Rc2 28. Nd3 Bf5 29. Nf4 Qxb2 30. Kf2 Rxe2+ 31. Nxe2 Kh7 32. h3 Bxh3 33. Qe7 Be6 34. Qxa7 b5 35. Qe7 Qd2 36. Qb4 Qxb4 37. axb4 Bd7 38. Nf4 Be6 39. Nxh5 g5 40. g4 Kg6 41. Kg3 f5 42. Kh3 f4 43. Kg2 Bf7 44. Kf2 Be8 45. Kg2 Bf7 46. Kh3 Be8 47. Kh2 Bf7 48. Kg2 Be8 49. Kf2 Bf7 50. Ke2 Be8 51. Kd2 Bf7 52. Kc3 Be8 53. Kd3 Bd7 54. Kd2 Be8 55. Ke2 Bf7 56. Kf2 Be8 57. Ke1 Bf7 58. Kd2 Be8 59. Kd1 Bf7 60. Kc2 Be8 61. Kd2 Bf7 62. Ke2 Be6 63. Kf2 Bf7 64. Kg2 Be8 65. Kg1 Bf7 66. Kg2 1/2-1/2


[Site "https://www.chess.com"]